 Dungeon Crawl Stone Soup version 0.21.0-3-g78d12a8 (webtiles) character file.

700 grindst0ne the Firebug (level 7, -3/36 HPs)
             Began as a Deep Elf Fire Elementalist on Jan 8, 2018.
             Was an Initiate of Vehumet.
             Slain by an iguana (10 damage)
             ... on level 6 of the Dungeon.
             The game lasted 00:20:00 (5659 turns).

grindst0ne the Firebug (Deep Elf Fire Elementalist) Turns: 5659, Time: 00:20:00

Health: -3/36      AC:  6    Str:  5    XL:     7   Next: 38%
Magic:  6/15       EV: 13    Int: 22    God:    Vehumet [......]
Gold:   202        SH:  0    Dex: 15    Spells: 2/14 levels left

rFire    . . .     SeeInvis +   z - +1 dagger (elec)
rCold    . . .     Gourm    .   (no shield)
rNeg     . . .     Faith    .   a - +0 robe
rPois    .         Spirit   .   j - +2 helmet
rElec    .         Reflect  .   (no cloak)
rCorr    .         Harm     .   (no gloves)
MR       +....                  A - +0 pair of boots
Stlth    ++........             u - amulet of magic regeneration
HPRegen  0.12/turn              q - ring of protection from magic
MPRegen  0.39/turn              r - ring of see invisible

@: no status effects
A: no striking features
a: Renounce Religion


You were on level 6 of the Dungeon.
You worshipped Vehumet.
Vehumet was noncommittal.
You were not hungry.

You visited 2 branches of the dungeon, and saw 7 of its levels.

You collected 256 gold pieces.
You spent 54 gold pieces at shops.

Inventory:

Hand Weapons
 z - a +1 dagger of electrocution (weapon)
Armour
 a - a +0 robe (worn)
 j - a +2 helmet (worn)
 A - a +0 pair of boots (worn)
Jewellery
 e - a cursed ring of teleportation {unknown}
 q - a ring of protection from magic (left hand)
 r - a ring of see invisible (right hand)
 u - an amulet of magic regeneration (around neck)
Wands
 v - a wand of iceblast (7)
Scrolls
 d - 5 scrolls of remove curse
 f - 4 scrolls of blinking {unknown}
 h - 4 scrolls of magic mapping {unknown}
 i - 2 scrolls of enchant weapon {unknown}
 k - 2 scrolls of noise {unknown}
 m - 2 scrolls of amnesia
 o - a scroll of random uselessness {unknown}
 t - 6 scrolls of teleportation {unknown}
 x - a scroll of fog {unknown}
 y - a scroll of fear {unknown}
Potions
 g - 2 potions of curing
 l - a potion of berserk rage
 n - a potion of might
 p - 2 potions of heal wounds
Books
 b - a book of Flames

   Spells                             Type                      Level
   a - Flame Tongue                   Conjuration/Fire             1
   b - Throw Flame                    Conjuration/Fire             2
   c - Conjure Flame                  Conjuration/Fire             3
   d - Inner Flame                    Hexes/Fire                   3
   e - Sticky Flame                   Conjuration/Fire             4
   f - Fireball                       Conjuration/Fire             5
 s - a book of Air

   Spells                             Type                      Level
   a - Shock                          Conjuration/Air              1
   b - Swiftness                      Charms/Air                   2
   c - Static Discharge               Conjuration/Air              3
   d - Airstrike                      Air                          4
   e - Lightning Bolt                 Conjuration/Air              5
 w - a book of Misfortune

   Spells                             Type                      Level
   a - Confusing Touch                Hexes                        1
   b - Confuse                        Hexes                        3
   c - Gell's Gravitas                Translocation                3
   d - Petrify                        Transmutation/Earth          4
   e - Metabolic Englaciation         Hexes/Ice                    5
   f - Yara's Violent Unravelling     Hexes/Transmutation          5
Comestibles
 c - 9 rations


   Skills:
 - Level 2.4 Dodging
 - Level 2.4 Stealth
 - Level 4.0 Spellcasting
 * Level 6.3 Conjurations
 * Level 6.7 Fire Magic


You had 2 spell levels left.
You knew the following spells:

 Your Spells              Type           Power        Failure   Level  Hunger
a - Flame Tongue          Conj/Fire      ####.        1%          1    None
b - Throw Flame           Conj/Fire      ####..       1%          2    #......
c - Conjure Flame         Conj/Fire      ####....     2%          3    ###....
d - Fireball              Conj/Fire      ####......   22%         5    ######.
e - Shock                 Conj/Air       ###.         3%          1    None


Dungeon Overview and Level Annotations

Branches:
Dungeon (6/15)             Temple (1/1) D:4

Altars:
Cheibriados
Dithmenos
Elyvilon
Fedhas
Kikubaaqudgha
Makhleb
Nemelex Xobeh
Qazlal
Ru
Trog
Uskayaw
Vehumet
Wu Jian
Xom
Yredelemnul
The Shining One

Shops:
D:4 !   D:5 [

Annotations:
D:3 sagitran's ghost, amateur DrIE


Message History

Casting: Throw Flame
Confirm with . or Enter, or press ? or * to list all spells.
Aiming: Throw Flame
Press: ? - help, Shift-Dir - straight line, f/p - worker ant zombie
Aim: a worker ant zombie (almost destroyed)
The puff of flame hits the worker ant zombie.
You destroy the worker ant zombie!
Vehumet accepts your kill. The iguana bites you.
Casting: Throw Flame
Confirm with . or Enter, or press ? or * to list all spells.
Aiming: Throw Flame
Press: ? - help, Shift-Dir - straight line, f - iguana
Aim: an iguana The puff of flame hits the iguana.
The iguana is lightly wounded.
The iguana bites you!
* * * LOW HITPOINT WARNING * * *
The iguana bites you!
You die...

# #. ##
#.. #.
.. ##.
#.#.##
#.@.#
#.l##..#
#.... .#
.S....?
..
######.
## #. #.
#.


You could see an iguana and an adder (sleeping).

Vanquished Creatures
  An ogre (D:4)
  A scorpion (D:5)
  A howler monkey (D:4)
  A crimson imp (D:5)
  2 hounds
  A bullfrog skeleton (D:5)
  2 orc priests (D:4)
  A centaur skeleton (D:5)
  An iguana (D:5)
  Ijyb (D:3)
  4 worker ants
  A worker ant zombie (D:6)
  5 adders
  A shadow imp (D:5)
  6 worms
  3 dart slugs
  4 leopard geckos
  11 orcs
  A ball python (D:1)
  3 giant cockroaches
  5 goblins
  9 hobgoblins
  5 jackals
  3 quokkas
  5 bats
  4 frilled lizards
  A kobold (D:1)
  6 rats
89 creatures vanquished.

Notes
Turn   | Place    | Note
-------+----------+-------------------------------------------
     0 | D:1      | grindst0ne the Deep Elf Fire Elementalist began the quest for the Orb.
     0 | D:1      | Reached XP level 1. HP: 10/10 MP: 6/6
   221 | D:1      | Reached XP level 2. HP: 15/15 MP: 2/8
   271 | D:1      | Learned a level 2 spell: Throw Flame
   695 | D:2      | Reached XP level 3. HP: 19/19 MP: 2/10
  1339 | D:2      | Reached XP level 4. HP: 18/24 MP: 0/12
  2261 | D:3      | Noticed Ijyb
  2271 | D:3      | Killed Ijyb
  2282 | D:3      | Reached XP level 5. HP: 25/28 MP: 0/13
  2617 | D:3      | Learned a level 3 spell: Conjure Flame
  2623 | D:3      | Learned a level 5 spell: Fireball
  2646 | D:3      | Found an ornate altar of the Wu Jian Council.
  2646 | D:3      | Found an ancient bone altar of Kikubaaqudgha.
  2709 | D:3      | Noticed sagitran's ghost (amateur DrIE)
  3396 | D:3      | Found a shadowy altar of Dithmenos.
  3547 | D:4      | Noticed an ogre
  3551 | D:4      | Killed an ogre
  3551 | D:4      | Reached skill level 5 in Fire Magic
  3564 | D:4      | Reached XP level 6. HP: 32/32 MP: 0/14
  3611 | D:4      | Found Higha's Distillery.
  3745 | D:4      | Reached skill level 5 in Conjurations
  3925 | D:4      | Learned a level 1 spell: Shock
  4395 | D:4      | Found a staircase to the Ecumenical Temple.
  4405 | Temple   | Entered the Ecumenical Temple
  4536 | Temple   | Became a worshipper of Vehumet
  5072 | D:5      | Entered Level 5 of the Dungeon
  5083 | D:5      | Found Zeunuem's Armour Emporium.
  5092 | D:5      | Bought a +0 pair of boots for 54 gold pieces
  5160 | D:5      | Found a stormy altar of Qazlal.
  5169 | D:5      | Reached XP level 7. HP: 35/36 MP: 7/15
  5301 | D:5      | Found a sparkling altar of Nemelex Xobeh.
  5473 | D:5      | Found a burning altar of Makhleb.
  5473 | D:5      | Noticed a green death
  5476 | D:5      | Noticed an orange demon
  5476 | D:5      | Noticed a neqoxec
  5659 | D:6      | Slain by an iguana

Skill      XL: |  1  2  3  4  5  6  7 |
---------------+----------------------+-----
Conjurations   | 2 3 4 5 6 |  6.3
Spellcasting   | 4 |  4.0
Fire Magic     | 4 5 6 |  6.7
Dodging        | |  2.4
Stealth        | |  2.4

Action                   |  1- 3 |  4- 6 |  7- 9 || total
-------------------------+-------+-------+-------++-------
Melee: Unarmed           |     5 |     2 |       ||     7
       Dagger            |       |       |     1 ||     1
 Cast: Flame Tongue      |    62 |    18 |       ||    80
       Throw Flame       |    11 |   123 |    34 ||   168
       Shock             |       |     3 |       ||     3
  Use: Scroll            |       |     6 |       ||     6
  Eat: Chunk             |     1 |     7 |     2 ||    10
       Ration            |       |     2 |       ||     2
Armor: Robe              |    11 |     8 |     4 ||    23
Dodge: Dodged            |    17 |    24 |    11 ||    52
